Map: Pride of Altaris LE

Players

freemaN

  • Race: Terran Terran
  • League: Diamond

Heeebstah - Winner!

  • Race: Protoss Protoss
  • League: Diamond

VOD

Have the link to the VOD?

Description

Time

  • Played on: April 27, 2022, 7:55 p.m.
  • Length: 14:26
Show
View Real Time Build Order
Export as new Build Order

freemaN Terran 

Build Orders: Reaper Expand 

Get SALT Encoding   

  12  0:00  SCV  
  13  0:12  SCV  
  14  0:17  Supply Depot  
  14  0:24  SCV  
  15  0:39  SCV  
  15  0:40  Barracks  
  16  0:46  Refinery  
  16  0:51  SCV  
  17  1:03  SCV  
  18  1:15  SCV  
  19  1:29  Reaper  
  19  1:30  Orbital Command  
  20  1:44  Command Center  
  20  1:55  SCV  
  20  1:59  Refinery  
  21  2:03  Supply Depot  
  21  2:06  Barracks Reactor  
  21  2:09  SCV  
  22  2:23  SCV  
  22  2:24  Factory  
  23  2:34  Bunker  
  23  2:35  SCV  
  24  2:43  Marine  
  24  2:44  Marine  
  26  2:47  SCV  
  27  2:57  Barracks  
  27  2:58  Orbital Command  
  27  3:01  SCV  
  28  3:07  Marine x2  
  30  3:23  Starport  
  30  3:24  Widow Mine  
  31  3:27  SCV  
  31  3:28  SCV  
  33  3:40  SCV x2  
  35  3:44  Barracks Tech Lab  
  35  3:45  Supply Depot  
  35  3:48  Widow Mine  
  37  3:49  Marine x2  
  37  3:53  SCV x2  
  41  3:59  Supply Depot  
  41  4:00  Medivac  
  43  4:03  Stimpack  
  43  4:06  SCV  
  43  4:07  SCV  
  43  4:09  Marine x3  
  48  4:11  Factory Reactor  
  48  4:21  Supply Depot  
  48  4:23  Supply Depot, SCV x2  
  50  4:28  Marine x3  
  53  4:37  SCV x2  
  55  4:40  Refinery  
  55  4:43  Engineering Bay  
  55  4:50  SCV  
  55  4:51  SCV  
  57  4:54  Factory Tech Lab  
  57  4:59  Medivac x2  
  61  5:01  Marine x3  
  61  5:02  Supply Depot  
  61  5:03  Supply Depot  
  61  5:05  SCV  
  61  5:06  SCV  
  66  5:18  SCV x2  
  62  5:22  Marine  
  62  5:23  Marine x2  
  62  5:24  Refinery  
  63  5:29  Siege Tank  
  63  5:30  Command Center  
  63  5:33  Missile Turret  
  66  5:38  Missile Turret  
  66  5:42  Combat Shield, SCV x2  
  68  5:46  Marine  
  68  5:47  Marine x2  
  71  5:55  Engineering Bay  
  71  5:56  Supply Depot, SCV  
  71  5:57  SCV  
  73  6:02  Barracks  
  73  6:09  Barracks, SCV x2  
  75  6:14  Marine x2, Barracks  
  75  6:15  Marine  
  78  6:24  Terran Infantry Weapons Level 1  
  78  6:25  Terran Infantry Armor Level 1  
  78  6:31  Supply Depot x2  
  78  6:32  Marine x2  
  80  6:33  Marine  
  80  6:36  Siege Tank  
  84  6:43  Orbital Command  
  84  6:46  SCV x2  
  86  6:50  Barracks Reactor  
  86  6:55  Medivac x2  
  86  6:57  Barracks Reactor  
  86  6:59  SCV x2  
  92  7:04  Orbital Command  
  92  7:05  Barracks Tech Lab  
  92  7:10  Armory  
  92  7:16  Marine x2  
  92  7:17  Marauder  
  92  7:18  Siege Tank  
  92  7:22  Supply Depot x2  
  99  7:23  SCV  
  99  7:24  SCV  
  101  7:33  SCV  
  101  7:36  SCV x2  
  104  7:38  Marine x6  
  104  7:40  Marauder x2  
  104  7:43  Supply Depot  
  114  7:46  Supply Depot  
  114  7:55  Marine  
  114  7:57  Barracks  
  114  7:58  Barracks  
  115  7:59  Barracks  
  115  8:02  Refinery  
  115  8:04  SCV x3  
  117  8:06  Refinery  
  115  8:17  Starport  
  115  8:18  Marauder x2  
  115  8:19  Viking x2  
  123  8:20  Siege Tank  
  123  8:21  Marine x3  
  123  8:26  Terran Infantry Weapons Level 2  
  129  8:31  Terran Infantry Armor Level 2  
  129  8:33  Terran Ship Weapons Level 1  
  129  8:38  SCV x2  
  129  8:39  SCV  
  132  8:46  Command Center  
  132  8:47  Barracks Tech Lab  
  132  8:48  Barracks Tech Lab  
  132  8:49  Barracks Reactor  
  132  8:50  Viking  
  131  8:59  Starport Reactor  
  131  9:00  Marauder  
  131  9:01  Marauder  
  132  9:05  Ghost Academy  
  132  9:06  Supply Depot  
  132  9:09  Supply Depot, SCV  
  133  9:10  SCV x2  
  133  9:14  Marauder x2  
  133  9:15  Siege Tank  
  133  9:16  Marine  
  143  9:22  Marauder  
  145  9:29  Viking x2  
  149  9:38  Fusion Core  
  149  9:42  Missile Turret x2  
  149  9:46  Enhanced Shockwaves  
  149  9:47  Missile Turret  
  149  9:49  Missile Turret  
  149  9:50  Missile Turret  
  149  9:51  Siege Tank  
  152  9:53  Marauder x2  
  152  9:54  Marauder x2  
  152  9:58  Supply Depot  
  152  9:59  Planetary Fortress  
  160  10:02  Missile Turret  
  160  10:13  SCV x3  
  163  10:15  Viking x2  
  163  10:16  Medivac, Viking  
  171  10:23  Supply Depot  
  171  10:34  Refinery, SCV x2  
  171  10:35  Refinery, SCV  
  174  10:40  Marauder x4  
  174  10:41  Siege Tank  
  185  10:54  Viking x3  
  185  10:55  Viking  
  185  10:56  Terran Infantry Weapons Level 3  
  193  11:03  SCV x3  
  196  11:04  SCV  
  196  11:08  Terran Infantry Armor Level 3  
  197  11:15  Terran Ship Weapons Level 2  
  156  11:40  Marine x3  
  156  11:44  Marine x4  
  156  11:45  Marauder x2  
  156  11:46  Marauder x2, Medivac x2  
  156  11:47  Viking x2  
  160  11:48  Thor  
  168  11:59  Barracks  
  168  12:00  Barracks  
  168  12:03  Barracks  
  168  12:04  Command Center  
  168  12:09  Marine x4  
  168  12:10  Marine x4  
  168  12:11  Ghost  
  168  12:12  Ghost  
  180  12:16  Ghost  
  180  12:19  Ghost  
  184  12:29  Sensor Tower  
  184  12:39  Viking x2  
  184  12:40  Viking x2  
  184  12:43  Command Center  
  192  12:48  Marauder  
  192  12:49  Marauder x3  
  200  13:06  Command Center  
  200  13:07  Command Center  
  200  13:11  Sensor Tower  
  200  13:19  Planetary Fortress  
  200  13:20  Missile Turret  
  200  13:30  Supply Depot  
  200  13:41  Missile Turret  
  200  13:53  Supply Depot  
  200  14:01  Missile Turret  
  136  14:20  Missile Turret  
Show
View Real Time Build Order
Export as new Build Order

Heeebstah Protoss - Winner!

Build Orders: Carriers, Colossus Rush 

Get SALT Encoding   

  12  0:01  Probe  
  13  0:13  Probe  
  14  0:17  Pylon  
  14  0:25  Probe  
  15  0:37  Probe  
  15  0:38  Gateway  
  16  0:49  Assimilator, Probe (Chrono Boost)  
  17  0:59  Assimilator, Probe (Chrono Boost)  
  18  1:04  Probe (Chrono Boost)  
  19  1:18  Pylon  
  19  1:19  Probe (Chrono Boost)  
  20  1:26  Cybernetics Core  
  20  1:32  Probe (Chrono Boost)  
  21  1:39  Probe (Chrono Boost)  
  22  1:46  Probe  
  23  2:08  Nexus  
  23  2:12  Stalker (Chrono Boost)  
  25  2:18  Probe  
  26  2:29  Stargate  
  26  2:32  Probe  
  27  2:40  Stalker  
  27  2:44  Probe  
  30  2:50  Warp Gate  
  30  2:56  Probe  
  31  3:06  Pylon  
  31  3:19  Probe (Chrono Boost)  
  32  3:24  Robotics Facility  
  36  3:28  Probe (Chrono Boost)  
  36  3:31  Void Ray  
  37  3:37  Probe (Chrono Boost)  
  37  3:38  Probe (Chrono Boost)  
  39  3:42  Probe (Chrono Boost)  
  39  3:43  Probe (Chrono Boost)  
  39  3:48  Assimilator  
  41  3:50  Assimilator  
  41  3:53  Probe  
  41  3:55  Probe  
  43  3:57  Pylon  
  43  4:05  Probe  
  43  4:07  Probe  
  45  4:15  Observer  
  50  4:18  Probe  
  50  4:19  Void Ray, Probe  
  52  4:25  Robotics Bay  
  52  4:30  Probe  
  54  4:31  Probe  
  54  4:42  Probe  
  54  4:43  Probe  
  54  4:44  Shield Battery  
  56  4:46  Shield Battery  
  56  4:54  Probe  
  56  4:55  Probe  
  58  5:06  Probe  
  59  5:07  Probe  
  60  5:16  Colossus (Chrono Boost)  
  60  5:19  Probe x2  
  59  5:28  Pylon  
  59  5:31  Probe  
  59  5:34  Nexus, Probe  
  59  5:35  Pylon  
  61  5:41  Extended Thermal Lance  
  61  5:48  Probe x2  
  63  6:00  Probe  
  63  6:01  Probe  
  63  6:02  Colossus  
  71  6:06  Pylon  
  71  6:08  Shield Battery  
  71  6:16  Shield Battery  
  71  6:23  Void Ray (Chrono Boost), Probe x2  
  77  6:27  Zealot  
  79  6:35  Probe x2  
  81  6:42  Fleet Beacon  
  81  6:46  Probe  
  82  6:47  Probe x2  
  82  6:51  Observer  
  84  6:56  Colossus  
  90  7:01  Stargate  
  90  7:08  Stargate  
  90  7:09  Probe x3  
  93  7:21  Probe x3  
  96  7:26  Forge  
  96  7:27  Pylon  
  96  7:29  Observer  
  96  7:35  Pylon  
  96  7:37  Pylon  
  96  7:41  Probe x2  
  96  7:42  Probe  
  96  7:43  Carrier (Chrono Boost)  
  99  7:44  Assimilator  
  99  7:47  Protoss Air Weapons Level 1 (Chrono Boost)  
  99  7:48  Colossus  
  99  7:49  Assimilator  
  105  7:54  Zealot  
  105  7:57  Pylon  
  113  8:05  Photon Cannon  
  113  8:11  Photon Cannon  
  113  8:13  Pylon  
  113  8:14  Probe  
  113  8:15  Probe x2  
  113  8:17  Carrier (Chrono Boost)  
  122  8:28  Carrier (Chrono Boost)  
  128  8:38  Carrier (Chrono Boost)  
  132  9:01  Colossus (Chrono Boost)  
  138  9:16  Pylon  
  138  9:19  Pylon  
  138  9:31  Carrier (Chrono Boost)  
  155  9:38  Pylon, Nexus  
  155  9:40  Pylon  
  155  9:41  Carrier (Chrono Boost)  
  155  9:45  Pylon  
  155  9:51  Carrier (Chrono Boost)  
  155  9:56  Disruptor  
  158  10:04  Probe x2  
  160  10:17  Photon Cannon  
  160  10:18  Photon Cannon  
  160  10:20  Photon Cannon  
  160  10:22  Carrier (Chrono Boost)  
  160  10:27  Sentry  
  168  10:29  Carrier (Chrono Boost)  
  180  10:43  Pylon  
  180  10:50  Disruptor  
  180  10:55  Carrier (Chrono Boost)  
  183  10:58  Probe x3  
  183  10:59  Probe  
  183  11:03  Assimilator  
  187  11:07  Assimilator  
  187  11:08  Pylon  
  187  11:12  Carrier (Chrono Boost)  
  192  11:25  Disruptor  
  192  11:26  Carrier (Chrono Boost)  
  168  11:45  Carrier  
  174  11:54  Probe  
  174  11:55  Photon Cannon, Probe  
  174  11:57  Photon Cannon, Probe  
  174  11:58  Probe  
  174  11:59  Photon Cannon  
  174  12:01  Pylon  
  178  12:06  Disruptor, Probe  
  182  12:13  Carrier (Chrono Boost)  
  188  12:16  Probe  
  188  12:20  Protoss Air Weapons Level 2 (Chrono Boost)  
  189  12:27  Nexus  
  189  12:28  Carrier (Chrono Boost)  
  189  12:34  Pylon  
  195  12:42  Pylon  
  195  12:44  Pylon  
  195  12:46  Sentry  
  197  13:02  Photon Cannon  
  197  13:04  Photon Cannon  
  197  13:07  Photon Cannon  
  197  13:08  Photon Cannon  
  197  13:10  Photon Cannon  
  197  13:12  Photon Cannon  
  197  13:14  Photon Cannon  
Tags
 
Add a new tag
Caveats
  • Supply blocks, unpowered buildings, or Contaminate may cause inaccurate times.
  • Supply counts are checked every 10 seconds.